 Dungeon Crawl Stone Soup version 0.29-a0-997-gf6f7e2dfe7 (webtiles) character file.

Game seed: 8799013496646266389

28891 tilp the Dealer of Despair (level 13, -9/106 HPs)
             Began as a Mummy Necromancer on Aug 4, 2022.
             Was an Elder of Kikubaaqudgha.
             Mangled by a death yak (17 damage)
             ... on level 4 of the Lair of Beasts.
             The game lasted 00:28:46 (16266 turns).

tilp the Dealer of Despair (Mummy Necromancer)     Turns: 16266, Time: 00:28:47

Health: -9/106     AC: 10    Str: 11    XL:     13   Next: 12%
Magic:  1/27       EV: 17    Int: 22    God:    Kikubaaqudgha [****..]
Gold:   989        SH:  0    Dex: 13    Spells: 6/33 levels left

rFire   . . .      SeeInvis +   b - +2 lajatang (freeze)
rCold   + . .      Faith    .   (shield currently unavailable)
rNeg    + + +      Spirit   .   y - +1 robe {rF+}
rPois   ∞          Reflect  .   L - +0 helmet
rElec   .          Harm     .   t - +0 cloak
rCorr   .          Rampage  .   m - +2 pair of gloves "Fapti" {rPois Int+3 SInv}
Will    +....                   j - +1 pair of boots
Stlth   ++........              r - amulet of regeneration
HPRegen 1.07/turn               f - +4 ring of evasion
MPRegen 0.20/turn               k - +4 ring of slaying

@: animating dead
A: cold resistance 1, negative energy resistance 3, torment resistance 2, heat
vulnerability 1, in touch with death 2, no potions
a: Renounce Religion, Unearth Wretches


You were on level 4 of the Lair of Beasts.
You worshipped Kikubaaqudgha.
Kikubaaqudgha was greatly pleased with you.
You visited 3 branches of the dungeon, and saw 16 of its levels.

You collected 989 gold pieces.

Inventory:

Hand Weapons
 a - a +4 flail of freezing
 b - a +2 lajatang of freezing (weapon)
 d - a +2 scimitar of flaming
 I - a +4 quarterstaff of chaos
 U - a +0 quarterstaff of draining
Missiles
 h - 8 boomerangs (quivered)
 o - 53 poisoned darts
 A - 3 datura-tipped darts
 K - 2 curare-tipped darts
 S - 6 atropa-tipped darts
Armour
 c - a +2 ring mail of fire resistance
 j - a +1 pair of boots (worn)
 m - the +2 pair of gloves "Fapti" (worn) {rPois Int+3 SInv}
   (You acquired it on level 6 of the Dungeon)

   Int:       It affects your intelligence (+3).
   rPois:     It protects you from poison.
   SInv:      It lets you see invisible.
 t - a +0 cloak (worn)
 y - a +1 robe of fire resistance (worn)
 D - a scarf of resistance
 L - a +0 helmet (worn)
 V - a +1 leather armour of fire resistance
Jewellery
 f - a +4 ring of evasion (left hand)
 k - a +4 ring of slaying (right hand)
 p - an amulet of the acrobat
 r - an amulet of regeneration (around neck)
 s - a +6 ring of strength
 z - a ring of flight
 M - a +6 ring of dexterity
 O - an amulet of faith
 T - the ring "Ockom" {Fire *Corrode rPois Dex+9}
   (You found it on level 10 of the Dungeon)

   [ring of fire]

   It enhances your fire magic.
   Dex:       It affects your dexterity (+9).
   rF:        It protects you from fire.
   rC:        It makes you vulnerable to cold.
   rPois:     It protects you from poison.
   *Corrode:  It may corrode you when you take damage.
 W - a +6 ring of strength
 X - a ring of ice
Wands
 v - a wand of polymorph (9)
 w - a wand of flame (39)
 x - a wand of acid (13)
 B - a wand of iceblast (8)
 Q - a wand of charming (13)
 R - a wand of digging (4)
Scrolls
 e - a scroll of silence
 i - 3 scrolls of blinking
 n - 4 scrolls of fear
 q - a scroll of immolation
 u - 5 scrolls of vulnerability
 C - 6 scrolls of fog
 E - 4 scrolls of amnesia
 F - a scroll of torment
 G - 9 scrolls of teleportation
 H - a scroll of magic mapping
 N - a scroll of poison
 P - a scroll of brand weapon
Miscellaneous
 J - a phial of floods


   Skills:
 + Level 11.1 Fighting
 - Level 4.0 Dodging
 - Level 2.0 Stealth
 + Level 10.7 Spellcasting
 - Level 6.0 Hexes
 * Level 13.7 Necromancy
 - Level 6.0 Earth Magic
 - Level 4.0 Evocations


You had 6 spell levels left.
You knew the following spells:

 Your Spells              Type           Power      Damage    Failure   Level
a - Necrotise             Necr           100%       1d9       1%          1
b - Vampiric Draining     Necr           100%       2d13      1%          3
c - Animate Dead          Necr           100%       N/A       1%          4
d - Anguish               Hex/Necr       45%        N/A       1%          4
e - Dispel Undead         Necr           100%       3d31      1%          4
f - Death Channel         Necr           52%        N/A       3%          6
g - Borgnjor's Vile Clut  Necr/Erth      45%        N/A       2%          5

Your spell library contained the following spells:

 Spells                   Type           Power      Damage    Failure   Level
 Agony                    Necr           100%       N/A       1%          5
 Ensorcelled Hibernation  Hex/Ice        48%        N/A       2%          2
 Passwall                 Tmut/Erth      20%        N/A       2%          2
 Dazzling Flash           Conj/Hex       48%        N/A       4%          3
 Summon Guardian Golem    Hex/Summ       24%        N/A       4%          3
 Freeze                   Ice            44%        1d6       5%          1
 Sting                    Tmut/Pois      44%        1d5       5%          1
 Summon Small Mammal      Summ           44%        N/A       5%          1
 Blink                    Tloc           22%        N/A       9%          2
 Corpse Rot               Necr/Pois/Air  64%        N/A       9%          4
 Call Canine Familiar     Summ           11%        N/A       17%         3
 Gell's Gravitas          Tloc           11%        N/A       17%         3
 Lesser Beckoning         Tloc           11%        N/A       17%         3
 Ozocubu's Armour         Ice            11%        N/A       17%         3
 Swiftness                Air            11%        N/A       17%         3
 Teleport Other           Tloc           11%        N/A       17%         3
 Metabolic Englaciation   Hex/Ice        12%        N/A       41%         5
 Silence                  Hex/Air        12%        N/A       41%         5
 Simulacrum               Ice/Necr       38%        N/A       45%         6
 Manifold Assault         Tloc           11%        N/A       83%         5
 Orb of Destruction       Conj           5%         9d5       100%        7
 Spellforged Servitor     Conj/Summ      5%         N/A       100%        7
 Storm Form               Tmut/Air       Unusable   N/A       N/A         7

Dungeon Overview and Level Annotations

Branches:
Dungeon (11/15)            Temple (1/1) D:5            Lair (4/5) D:8
  Swamp (0/4) Lair:2        Snake (0/4) Lair:2
  Slime: Lair:4-5       Orc: D:9-12

Altars:
Ashenzari
Cheibriados
Dithmenos
Fedhas
Gozag
Hepliaklqana
Kikubaaqudgha
Makhleb
Nemelex Xobeh
Okawaru
Qazlal
Ru
Sif Muna
Trog
Uskayaw
Vehumet
Wu Jian
Xom
Yredelemnul

Shops:
D:8 =

Annotations:
Lair:3 2 transporters, sanka's ghost, journeyman GnCj


Innate Abilities, Weirdness & Mutations

You are immune to poison.
Your flesh is cold resistant. (rC+)
You are immune to negative energy. (rN+++)
You are immune to unholy pain and torment.
You are vulnerable to heat. (rF-)
You are strongly in touch with the powers of death.
You do not drink.


Message History

The death yak gores your death yak zombie!!
The death yak is wracked by anguish!!
The death yak dies!
Kikubaaqudgha accepts your kill.
As you read the scroll of summoning, it crumbles to dust.
Wisps of shadow whirl around you...
Unknown command.
Unknown command.
Unknown command.
Unknown command.
What are your orders? t - Shout!
Orders for allies: a - Attack new target. r - Retreat! s - Stop attacking. g - Guard the area. f - Follow me.
Anything else - Cancel.
Gang up on whom?
Press: ? - help, Dir - move target, f - death yak
Aim: a death yak (ally target, anguished) Attack!
Your death yak zombie gores the death yak!
Your basilisk gazes at the death yak.
The death yak resists with almost no effort.
Unknown command.
Your death yak zombie gores the death yak but does no damage.
Something gores your death yak zombie!!
Unknown command.
Unknown command.
Your cane toad stings the death yak!
Unknown command.
A black mamba comes into view.
The black mamba hisses angrily.
Kikubaaqudgha calls piteous wretches from the earth!
You can no longer invoke torment.
A bullfrog comes into view.
Your cane toad stings the death yak.
The death yak gores your death yak zombie!!
The death yak attacks as you move away! The death yak gores you!
You die...
Kikubaaqudgha rasps: "You have failed me!
Welcome... oblivion!"

..###..P####...#########
........#.#.....#
........#..#P...#
#.P......YZ....#
###.......Z.Z.##
###..#.####Z.#
.##.#..### #..l##
........# #.FY.###.###
........# #[..@.......
......Y#Y# #.....SF.....
......Y........#######..
...............
..............
..............
>...........P
.............


You could see 2 death yaks, a black mamba (paralysed), a bullfrog (paralysed), a
friendly cane toad (summoned), a friendly basilisk (summoned) and 4 friendly
death yak zombies.

Vanquished Creatures
  A boulder beetle (Lair:1)
  The ghost of qborf the Scorcher, a journeyman DEFE of Gozag (Lair:2)
  2 death yaks (Lair:4)
  Pikel (D:7)
  2 elephants (Lair:2)
  A black mamba (Lair:4)
  5 cane toads
  A rime drake (Lair:4)
  2 komodo dragons (Lair:2)
  A tyrant leech (Lair:2)
  A hornet (D:9)
  Grinder (D:5)
  Sigmund (D:3)
  A vampire (D:10)
  17 yaks
  A basilisk (Lair:3)
  A naga (Lair:2)
  2 steam dragons (D:7)
  A swamp worm (Lair:2)
  Edmund (D:4)
  An acid dragon (D:9)
  Duvessa (D:7)
  6 water moccasins
  2 sky beasts
  2 ice beasts
  An orc warrior (D:8)
  3 black bears
  4 ogres
  4 wolves (Lair:3)
  4 kobold brigands
  2 gnoll sergeants
  8 bullfrogs
  A necrophage (D:5)
  A scorpion (D:8)
  3 wights
  Dowan (D:7)
  A killer bee (D:9)
  4 howler monkeys
  3 hounds
  3 orc priests (D:3)
  Crazy Yiuf (D:7)
  2 gnoll boudas
  5 iguanas
  2 jellies
  Terence (D:2)
  Ijyb (D:5)
  Natasha (thrice) (D:4)
  4 orc wizards
  4 hell rats (Lair:2)
  15 gnolls
  8 adders
  3 worms
  A dart slug (D:4)
  15 orcs
  6 ball pythons
  2 bats
  5 endoplasms
  10 giant cockroaches
  4 goblins
  2 hobgoblins
  13 jackals
  4 quokkas
  3 frilled lizards
  15 kobolds
  7 rats
235 creatures vanquished.

Vanquished Creatures (collateral kills)
  Maggie (D:8)
  A troll (D:11)
  A polar bear (Lair:1)
  A tyrant leech (Lair:2)
  15 yaks
  A wraith (D:11)
  A basilisk (Lair:1)
  A swamp worm (Lair:2)
  3 nagas (Lair:2)
  2 water moccasins (Lair:2)
  6 wolves
  2 phantoms
  A kobold brigand (D:8)
  4 bullfrogs
  A killer bee (D:9)
  A hound (D:7)
  A jelly (D:6)
  2 hell rats (Lair:2)
  A gnoll (D:6)
  An orc (D:8)
  3 kobolds (D:8)
50 creatures vanquished.

Vanquished Creatures (others)
  3 hydras
  A boulder beetle (D:11)
  Erica (Lair:2)
  2 death yaks (Lair:4)
  An elephant (Lair:2)
  A manticore (D:11)
  2 komodo dragons
  A troll (D:10)
  A hornet (D:10)
  A polar bear (Lair:2)
  16 yaks
  A wyvern (Lair:1)
  A water moccasin (D:8)
  An orc warrior (D:11)
  A black bear (D:8)
  An elephant zombie (Lair:2)
  2 wolves
  A wyvern zombie (Lair:1)
  A yak zombie (D:9)
  A killer bee (D:9)
  An electric eel (D:11)
  A bullfrog zombie (Lair:2)
  A howler monkey (D:11)
  A hell rat (Lair:2)
  A hound zombie (D:6)
  2 howler monkey zombies (D:11)
  A hell rat zombie (Lair:2)
  2 gnolls (D:9)
  2 elf zombies (D:7)
  5 gnoll zombies
  2 kobolds (D:8)
  An orc zombie (D:8)
  2 bushes
  51 fungi
  58 plants
  2 withered plants (Lair:2)
173 creatures vanquished.

Grand Total: 458 creatures vanquished

Notes
Turn   | Place    | Note
-------+----------+-------------------------------------------
     0 | D:1      | tilp the Mummy Necromancer began the quest for the Orb.
     0 | D:1      | Reached XP level 1. HP: 13/13 MP: 4/4
   643 | D:1      | Reached XP level 2. HP: 20/20 MP: 2/5
  1119 | D:2      | Noticed Terence
  1576 | D:2      | Reached skill level 1 in Fighting
  1907 | D:2      | Killed Terence
  1908 | D:2      | Gained mutation: You are in touch with the powers of death.
                  | [Mummy growth]
  1908 | D:2      | Reached XP level 3. HP: 11/26 MP: 3/7
  1912 | D:2      | Learned a level 3 spell: Vampiric Draining
  2256 | D:2      | Reached XP level 4. HP: 20/33 MP: 4/8
  2600 | D:3      | Noticed Sigmund
  2622 | D:2      | Reached skill level 5 in Necromancy
  2712 | D:3      | Reached XP level 5. HP: 38/38 MP: 3/9
  2826 | D:3      | Reached skill level 6 in Necromancy
  2912 | D:3      | Killed Sigmund
  2913 | D:3      | Reached XP level 6. HP: 46/46 MP: 0/11
  3120 | D:3      | Found a shimmering blue altar of Sif Muna.
  3493 | D:3      | Found a faded altar of an unknown god.
  3822 | D:4      | Reached XP level 7. HP: 26/52 MP: 5/12
  3957 | D:4      | Noticed Natasha
  3971 | D:4      | Killed Natasha
  3972 | D:4      | Reached skill level 7 in Necromancy
  4087 | D:4      | Noticed Natasha
  4101 | D:4      | Killed Natasha
  4202 | D:4      | Noticed Natasha
  4211 | D:4      | Killed Natasha
  4258 | D:4      | Noticed Edmund
  4284 | D:4      | Killed Edmund
  4489 | D:5      | Entered Level 5 of the Dungeon
  4489 | D:5      | Noticed Ijyb
  4492 | D:5      | Killed Ijyb
  4653 | D:5      | Reached XP level 8. HP: 57/60 MP: 11/15
  4767 | D:5      | Reached skill level 5 in Spellcasting
  4767 | D:5      | Reached skill level 8 in Necromancy
  5051 | D:5      | Found an ornate altar of the Wu Jian Council.
  5051 | D:5      | Found a stormy altar of Qazlal.
  5208 | D:5      | Reached skill level 5 in Fighting
  5317 | D:5      | Noticed Grinder
  5590 | D:5      | Killed Grinder
  5600 | D:5      | Found a staircase to the Ecumenical Temple.
  5609 | Temple   | Entered the Ecumenical Temple
  5786 | Temple   | Became a worshipper of Kikubaaqudgha
  5947 | D:6      | Learned a level 4 spell: Animate Dead
  6005 | D:6      | Reached skill level 9 in Necromancy
  6005 | D:6      | Reached XP level 9. HP: 67/68 MP: 0/18
  6867 | D:6      | Identified a scroll of acquirement
  6868 | D:6      | Acquired the +2 pair of gloves "Fapti" {rPois Int+3 SInv}
  7010 | D:7      | Reached * piety under Kikubaaqudgha
  7010 | D:7      | Received a gift from Kikubaaqudgha
  7016 | D:7      | Learned a level 4 spell: Anguish
  7199 | D:7      | Noticed Duvessa
  7199 | D:7      | Noticed Dowan
  7211 | D:7      | Killed Duvessa
  7212 | D:7      | Reached skill level 10 in Necromancy
  7219 | D:7      | Your ally Duvessa died
  7223 | D:7      | Killed Dowan
  7227 | D:7      | Your ally Dowan died
  7406 | D:7      | Noticed Pikel
  7417 | D:7      | Killed Pikel
  7418 | D:7      | Reached skill level 1 in Hexes
  7418 | D:7      | Reached skill level 1 in Evocations
  7431 | D:7      | Reached XP level 10. HP: 79/79 MP: 13/21
  7584 | D:7      | Found a runed translucent door.
  7585 | D:7      | Noticed Crazy Yiuf
  7771 | D:7      | Killed Crazy Yiuf
  8162 | D:8      | Noticed Maggie
  8171 | D:8      | Killed Maggie
  8349 | D:8      | Reached ** piety under Kikubaaqudgha
  8442 | D:8      | Found a staircase to the Lair.
  8496 | D:8      | Found Pyeserpho's Jewellery Emporium.
 10038 | D:9      | Reached skill level 11 in Necromancy
 10343 | D:9      | Reached XP level 11. HP: 89/89 MP: 13/23
 10564 | D:10     | Entered Level 10 of the Dungeon
 10943 | D:10     | Identified the ring "Ockom" {Fire *Corrode rPois Dex+9}
 11171 | D:11     | Noticed a boulder beetle
 11176 | D:11     | Noticed a five-headed hydra
 11188 | D:11     | Killed a five-headed hydra
 11188 | D:11     | Reached *** piety under Kikubaaqudgha
 11188 | D:11     | Received a gift from Kikubaaqudgha
 11193 | D:11     | Killed a boulder beetle
 11348 | D:11     | Reached skill level 12 in Necromancy
 11349 | D:11     | Reached skill level 10 in Fighting
 11352 | D:11     | Reached skill level 5 in Hexes
 11359 | D:11     | Learned a level 4 spell: Dispel Undead
 11366 | D:11     | Learned a level 6 spell: Death Channel
 11372 | D:11     | Learned a level 5 spell: Borgnjor's Vile Clutch
 11570 | D:11     | Reached skill level 1 in Earth Magic
 12053 | D:3      | Got Sif Muna's Folio of the Snowflakes
 12057 | D:3      | Got Sif Muna's Tome of Changing
 12203 | Lair:1   | Entered Level 1 of the Lair of Beasts
 12562 | Lair:1   | Reached skill level 5 in Earth Magic
 12683 | Lair:1   | Reached XP level 12. HP: 65/97 MP: 11/25
 12770 | Lair:1   | Noticed a boulder beetle
 12778 | Lair:1   | Killed a boulder beetle
 13347 | Lair:2   | Reached **** piety under Kikubaaqudgha
 13507 | Lair:2   | Noticed Erica
 13515 | Lair:2   | Killed Erica
 14052 | Lair:2   | Found a runed translucent door.
 14052 | Lair:2   | Noticed qborf's ghost (journeyman DEFE)
 14483 | Lair:2   | Found a staircase to the Snake Pit.
 14557 | Lair:2   | Noticed a six-headed hydra
 14565 | Lair:2   | Killed a six-headed hydra
 14665 | Lair:2   | Reached skill level 10 in Spellcasting
 14667 | Lair:2   | Reached skill level 13 in Necromancy
 14716 | Lair:2   | Noticed a four-headed hydra
 14722 | Lair:2   | Killed a four-headed hydra
 14876 | Lair:2   | Found a staircase to the Swamp.
 15048 | Lair:2   | Killed qborf's ghost
 15210 | Lair:3   | Found a transporter.
 15210 | Lair:3   | Found a transporter.
 15212 | Lair:3   | Noticed sanka's ghost (journeyman GnCj)
 16088 | Lair:4   | Noticed a death yak
 16088 | Lair:4   | Noticed a death yak
 16088 | Lair:4   | Noticed a death yak
 16195 | Lair:4   | Reached ***** piety under Kikubaaqudgha
 16234 | Lair:4   | Noticed a death yak
 16234 | Lair:4   | Noticed a death yak
 16235 | Lair:4   | Noticed a death yak
 16236 | Lair:4   | Noticed a death yak
 16236 | Lair:4   | Noticed a death yak
 16236 | Lair:4   | Noticed a death yak
 16251 | Lair:4   | Killed a death yak
 16252 | Lair:4   | Gained mutation: You are strongly in touch with the powers
                  | of death. [Mummy growth]
 16252 | Lair:4   | Reached XP level 13. HP: 99/105 MP: 4/27
 16258 | Lair:4   | HP: 1/106 [death yak (21)]
 16266 | Lair:4   | Mangled by a death yak

Illustrated notes

Levels and vault maps discovered:
D:1:      dpeg_arrival_round_b, layout_loops_corners, grunt_decor_one_mirror,
          minmay_misc_feat_cross, st_stairs_13
D:2:      layout_basic, uniq_terence
D:3:      minmay_roachtagon, layout_loops_ring, nicolae_sif_muna_little_library,
          ebering_ecumenical_altar_webs, uniq_sigmund
D:4:      layout_rooms, uniq_edmund, uniq_natasha
D:5:      layout_rooms, gammafunk_temple_overflow_forgotten,
          lemuel_temple_firewalk_a, minmay_misc_feat_more_columns, uniq_ijyb,
          uniq_grinder
D:6:      layout_loops_ring, due_unseen_surprise
D:7:      layout_rooms, lemuel_another_geyser, uniq_crazy_yiuf_cottage,
          uniq_duvessa, uniq_pikel
D:8:      layout_layer_cave, due_lair_maze_entry_diamond, serial_shops, shop,
          grunt_tough_drop, uniq_maggie
D:9:      layout_roguey, minivault_25_ag
D:10:     layout_rooms
D:11:     layout_rooms, kennysheep_generic_room_16
Temple:   nicolae_temple_bog_church
Lair:1:   layout_regular_city
Lair:2:   layout_regular_city, palyth_hydra_swamp_entry,
          minmay_snake_entry_guardpost_medium, gammafunk_ghost_grave, uniq_erica
Lair:3:   layout_big_grid, gammafunk_ghost_hive
Lair:4:   layout_small_grid, slime_entry_1, chequers_serial_rivers_large_a,
          lemuel_fruit_tree

Skill      XL: |  1  2  3  4  5  6  7  8  9 10 11 12 13 |
---------------+----------------------------------------+-----
Fighting       | 1 2 3 4 5 7 9 10 11 | 11.1
Stealth        | 2 |  2.0
Spellcasting   | 3 4 6 7 8 9 10 | 10.7
Dodging        | 2 3 4 |  4.0
Necromancy     | 5 6 7 9 10 11 12 13 | 13.7
Hexes          | 1 3 6 |  6.0
Evocations     | 1 2 4 |  4.0
Earth Magic    | 5 6 |  6.0

Action                   |  1- 3 |  4- 6 |  7- 9 | 10-12 | 13-15 || total
-------------------------+-------+-------+-------+-------+-------++-------
Melee: Hand axe          |    21 |    32 |       |       |       ||    53
       Unarmed           |     5 |       |       |       |       ||     5
       Punch             |     1 |       |     2 |     2 |       ||     5
       Trident           |       |    82 |   123 |       |       ||   205
       Flail             |       |       |   111 |   153 |       ||   264
       Lajatang          |       |       |       |   138 |     6 ||   144
Throw: Dart              |     2 |       |       |       |       ||     2
       Boomerang         |       |       |     2 |       |       ||     2
 Cast: Necrotise         |    36 |     5 |    28 |     4 |       ||    73
       Vampiric Draining |     1 |    15 |    43 |    33 |     1 ||    93
       Animate Dead      |       |       |     2 |    11 |       ||    13
       Anguish           |       |       |     3 |    85 |       ||    88
       Death Channel     |       |       |       |     8 |       ||     8
       Borgnjor's Vile C |       |       |       |    19 |       ||    19
       Dispel Undead     |       |       |       |     2 |       ||     2
Invok: Unearth Wretches  |       |       |       |       |     1 ||     1
Evoke: Wand              |       |       |     8 |     3 |       ||    11
  Use: Scroll            |     1 |       |     7 |    13 |     2 ||    23
 Stab: Sleeping          |       |     4 |     3 |     2 |       ||     9
       Distracted        |       |       |     2 |     2 |       ||     4
Armor: Robe              |     3 |    29 |    69 |   112 |     3 ||   216
Dodge: Dodged            |    27 |   110 |   268 |   505 |     6 ||   916

Table legend: (Time is in decaauts)
 A = Elapsed time spent in this place.
 B = Non-inter-level travel time spent in this place.
 C = Inter-level travel time spent in this place.
 D = Time resting spent in this place.
 E = Time spent auto-exploring this place.
 F = Levels seen in this place.
 G = Mean time per level.
                   A        B        C        D        E       F      G
               +--------+--------+--------+--------+--------+-----+--------+
         Total |  16553 |  15486 |   1067 |    622 |  12318 |  16 | 1034.6 |
       Dungeon |  12214 |  11272 |    942 |    608 |   8684 |  11 | 1110.4 |
        Temple |    202 |    174 |     28 |      0 |    157 |   1 |  202.0 |
          Lair |   4135 |   4039 |     96 |     14 |   3476 |   4 | 1033.8 |
               +--------+--------+--------+--------+--------+-----+--------+

Top non-repeatable levels by time:
  Lair:2: 1827 daAuts
     D:8: 1754 daAuts
     D:2: 1633 daAuts
     D:1: 1123 daAuts
     D:5: 1111 daAuts
  Lair:1: 1104 daAuts
     D:6: 1084 daAuts
     D:7: 1065 daAuts
     D:4: 1050 daAuts
  Lair:3: 1042 daAuts
     D:9: 1036 daAuts
     D:3: 1014 daAuts
    D:11: 721 daAuts
    D:10: 620 daAuts
  Temple: 202 daAuts
